 Dungeon Crawl Stone Soup version 0.29.1-12-g30fa7ad0bf (webtiles) character file.

Game seed: 10671106001337407226

35 MisterFreud the Twirler (level 3, -2/27 HPs)
             Began as a Formicid Gladiator on Dec 19, 2022.
             Slain by a centaur (6 damage)
             ... on level 4 of the Dungeon.
             The game lasted 00:01:20 (1623 turns).

MisterFreud the Twirler (Formicid Gladiator)        Turns: 1623, Time: 00:01:20

Health: -2/27      AC:  3    Str: 20    XL:     3   Next: 52%
Magic:  3/3        EV: 12    Int:  7    God:
Gold:   33         SH:  0    Dex: 15    Spells: 2/2 levels left

rFire   . . .      SeeInvis +   a - +1 quarterstaff
rCold   . . .      Faith    .   (no shield)
rNeg    . . .      Spirit   .   b - +0 leather armour
rPois   .          Reflect  .   (helmet unavailable)
rElec   .          Harm     .   (no cloak)
rCorr   .          Rampage  .   (no gloves)
Will    .....                   (no boots)
Stlth   +.........              (no amulet)
HPRegen 0.09/turn               (no ring)
MPRegen 0.08/turn               (no ring)

@: no status effects
A: permanent stasis, dig shafts and tunnels, antennae 3, four strong arms
a: Dig, Shaft Self


You were on level 4 of the Dungeon.
You visited 1 branch of the dungeon, and saw 3 of its levels.

You collected 33 gold pieces.

Inventory:

Hand Weapons
 a - a +1 quarterstaff (weapon)
Missiles
 c - 3 throwing nets (quivered)
 d - a javelin
Armour
 b - a +0 leather armour (worn)
Potions
 e - 3 potions of degeneration {unknown}
 j - a potion of heal wounds {unknown}
 k - a potion of mutation {unknown}


   Skills:
 - Level 2.1 Fighting
 + Level 4.3 Staves
 - Level 2.0 Throwing
 - Level 2.6 Dodging


You had 2 spell levels left.
You didn't know any spells.
Your spell library was empty.

Dungeon Overview and Level Annotations

Branches:
Dungeon (2/15)

Altars:


Innate Abilities, Weirdness & Mutations

You cannot be hasted, slowed, berserked, paralysed or teleported.
You can dig through walls and to a lower floor.
You have a pair of large antennae on your head. (SInv)
Your four strong arms can wield two-handed weapons with a shield.


Message History

There is a shaft here.
You hit the gnoll.
The gnoll is moderately wounded.
The gnoll hits you with a +0 spear. The gnoll closely misses you. x2
You sock the gnoll!
You kill the gnoll!
The gnoll closely misses you.
The gnoll hits you from afar with a +0 halberd!
* * * LOW HITPOINT WARNING * * *
You fall into a shaft and drop 2 floors!
The shaft crumbles and collapses.
You start resting.
You sense a monster nearby.
You start resting.
A ball python comes into view.
A ball python comes into view.
The ball python hisses angrily.
Found a yellow potion.
The ball python hisses angrily.
The ball python bites you but does no damage.
The ball python grabs you. The ball python constricts you.
You closely miss the ball python.
A centaur comes into view.
The ball python barely misses you. The ball python constricts you.
The centaur shouts!
You hit the ball python.
You kill the ball python!
You see here a ball python corpse.
Found 8 gold pieces.
You sock the ball python!
You kill the ball python!
Are you sure you want to shaft yourself?
The centaur completely misses you. The centaur misses you.
You begin to dig a shaft.
You continue digging a shaft.
The centaur hits you.
* * * LOW HITPOINT WARNING * * *
The centaur kicks you.
* * * LOW HITPOINT WARNING * * *
The centaur hits you.
You die...

. ... .... { .
#.# #.. #. ...
#.. #. #.# #c#
###.##.# #.#
....!#.# #.# ##
#.c.###.#
######.###...†..#
.....$.@#.#######
########c## ###


You could see a centaur.

Vanquished Creatures
  A gnoll (D:2)
  2 dart slugs (D:1)
  3 ball pythons
  An endoplasm (D:1)
  A giant cockroach (D:1)
  3 goblins
  2 hobgoblins (D:1)
  A quokka (D:1)
  2 bats (D:1)
  A frilled lizard (D:1)
  3 kobolds (D:1)
20 creatures vanquished.

Notes
Turn   | Place    | Note
-------+----------+-------------------------------------------
     0 | D:1      | MisterFreud the Formicid Gladiator began the quest for the
                  | Orb.
     0 | D:1      | Reached XP level 1. HP: 16/16 MP: 1/1
   407 | D:1      | Reached XP level 2. HP: 22/22 MP: 2/2
  1309 | D:1      | Reached skill level 4 in Staves
  1309 | D:1      | Reached XP level 3. HP: 27/27 MP: 3/3
  1535 | D:2      | You fall into a shaft and drop 2 floors!
  1612 | D:4      | Noticed a centaur
  1623 | D:4      | Slain by a centaur

Illustrated notes

Levels and vault maps discovered:
D:1:      dpeg_arrival_refuge, layout_basic, minmay_misc_feat_x
D:2:      layout_loops_ring, basic_altar, basic_ecumenical_altar, serial_shops,
          shop_statue, nicolae_elevator_lobby_asterisk
D:4:      cheibrodos_thug_alley, layout_loops_ring, mainiacjoe_overflow_swirl,
          minmay_temple_entry_junction_2, uniq_eustachio

Skill      XL: |  1  2 |
---------------+-------+-----
Staves         | 4 |  4.3
Fighting       | |  2.1
Throwing       | |  2.0
Dodging        | |  2.6

Action                   || total
-------------------------++-------
Melee: Quarterstaff      ||    56
       Punch             ||     1
 Abil: Shaft Self        ||     1
  Use: Scroll            ||     4
 Stab: Sleeping          ||     4
Armor: Leather armour    ||    13
Dodge: Dodged            ||    47
